 Dungeon Crawl Stone Soup version 0.28.0-47-ge53b351184 (webtiles) character file.

Game seed: 9526254424252640049

15617 pkoi the Grappler (level 11, -10/92 HPs)
             Began as a Demigod Gladiator on May 2, 2022.
             Headbutted by a minotaur (12 damage)
             ... in a Gauntlet.
             The game lasted 00:41:43 (17842 turns).

pkoi the Grappler (Demigod Gladiator)              Turns: 17842, Time: 00:41:44

Health: -10/92     AC: 13    Str: 19    XL:     11   Next: 71%
Magic:  15/15      EV: 16    Int: 18    God:
Gold:   377        SH:  6    Dex: 15    Spells: 7/11 levels left

rFire   . . .      SeeInvis .     - Unarmed
rCold   + . .      Faith    .   o - +0 buckler
rNeg    . . .      Spirit   .   h - +2 ring mail {rC+}
rPois   +          Reflect  .   k - +1 helmet of Sif Muna {Will+}
rElec   .          Harm     .   (no cloak)
rCorr   .          Rampage  .   (no gloves)
Will    +++..      NoTele   +   s - +1 pair of boots
Stlth   +.........              g - amulet of Lastoxyu {rPois Regen+}
HPRegen 1.05/turn               B - +4 ring of evasion
MPRegen 0.14/turn               D - ring of willpower

@: on berserk cooldown, slowed, very slow
A: high MP 1, forlorn, divine attributes
a: no special abilities


You were in a Gauntlet.
You visited 3 branches of the dungeon, and saw 11 of its levels.
You also visited: Ossuary and Gauntlet.

You collected 473 gold pieces.
You spent 96 gold pieces at shops.

Inventory:

Hand Weapons
 b - a +0 dagger of venom
 e - a +2 vampiric dagger
 f - a +2 spear of venom
 H - a +2 short sword of venom
 K - a +3 dagger
Missiles
 j - 42 poisoned darts (quivered)
 p - 256 stones
 C - 3 boomerangs of dispersal
 O - a curare-tipped dart
 Q - a throwing net
Armour
 h - a +2 ring mail of cold resistance (worn)
 k - the +1 helmet of Sif Muna (worn) {Will+}
   (You found it in a Gauntlet)

   Will:      It increases your willpower.
 o - a +0 buckler (worn)
 q - a +2 helmet
 s - a +1 pair of boots (worn)
Magical Staves
 r - a staff of poison
Jewellery
 g - the amulet of Lastoxyu (around neck) {rPois Regen+}
   (You found it in a Gauntlet)

   [amulet of regeneration]

   rPois:     It protects you from poison.
   Regen:     It increases your rate of health regeneration.
 m - a ring of fire
 t - an amulet of regeneration
 x - a +6 ring of intelligence
 y - a ring of ice
 z - an amulet of reflection
 B - a +4 ring of evasion (left hand)
 D - a ring of willpower (right hand)
Wands
 u - a wand of iceblast (8)
 v - a wand of polymorph (14)
 L - a wand of charming (12)
Scrolls
 d - a scroll of amnesia
 n - 2 scrolls of enchant weapon
 w - 10 scrolls of identify
 G - a scroll of teleportation
 I - a scroll of holy word
 M - a scroll of acquirement
Potions
 a - 2 potions of heal wounds
 i - 3 potions of curing
 l - 5 potions of magic
 A - 3 potions of might
 E - a potion of brilliance


   Skills:
 + Level 7.0 Fighting
 - Level 1.7 Throwing
 + Level 7.0 Armour
 + Level 4.6 Dodging
 + Level 7.0 Shields
 * Level 11.9 Unarmed Combat
 + Level 0.5 Spellcasting
 + Level 1.0 Summonings
 + Level 0.7 Air Magic
 + Level 5.4 Evocations


You had 7 spell levels left.
You knew the following spells:

 Your Spells              Type           Power      Damage    Failure   Level
a - Summon Lightning Spi  Summ/Air       3%         N/A       96%         4

Your spell library contained the following spells:

 Spells                   Type           Power      Damage    Failure   Level
 Portal Projectile        Hex/Tloc       0%         N/A       78%         3
 Blade Hands              Tmut           0%         N/A       100%        5
 Excruciating Wounds      Necr           0%         N/A       100%        5
 Storm Form               Tmut/Air       0%         N/A       100%        7
 Maxwell's Capacitive Co  Air            1%         ∞         100%        8


Dungeon Overview and Level Annotations

Branches:
Dungeon (9/15)             Temple (1/1) D:6            Lair (1/6) D:8
Ossuary (visited)         Gauntlet (1/1)
    Orc: D:9-12

Shops:
D:2 !

Annotations:
D:9 Maurice Gauntlet 8 transporters, exclusion: lightning spire


Innate Abilities, Weirdness & Mutations

You have an increased reservoir of magic. (+10% MP)
You shall have no god before yourself.
Your divine heritage dramatically boosts your attributes as you level up.


Message History

The minotaur burns you.
* * * LOW HITPOINT WARNING * * *
The minotaur gores you but does no damage.
You hit the minotaur but do no damage.
The minotaur is heavily wounded.
Unknown command.
You pummel the minotaur!!
The minotaur is severely wounded.
The minotaur barely misses you. The minotaur misses you.
You hit the minotaur.
The minotaur is severely wounded.
You barely miss the minotaur.
The minotaur is severely wounded.
The minotaur hits you with a staff of fire!!
* * * LOW HITPOINT WARNING * * *
The minotaur burns you.
* * * LOW HITPOINT WARNING * * *
The minotaur gores you but does no damage.
You punch the minotaur!
The minotaur is almost dead.
The minotaur misses you.
The minotaur gores you but does no damage.
Unknown command.
You hit the minotaur.
The minotaur is almost dead.
Unknown command.
You barely miss the minotaur.
The minotaur furiously retaliates!
The minotaur headbutts you.
* * * LOW HITPOINT WARNING * * *
The minotaur is almost dead.
You are no longer berserk.
You are exhausted.
You feel yourself slow down.
The minotaur hits you but does no damage.
The minotaur burns you.
* * * LOW HITPOINT WARNING * * *
The minotaur gores you but does no damage.
You completely miss the minotaur.
The minotaur furiously retaliates!
The minotaur headbutts you!
You die...

#....h#.#...≈#
##...##(#...##
h##.##..#...≈#
........#...##
#########...≈#
............######
...8.....8.####...
...........≈##..###.##.#
########...##...@......8
uGu...^#...#....#H#.....
G####..#...#.8©.#.# ###
.#^..#[#...#....#..
.#.©.#©#.8.#.8©.###.
.#..^#)#...#....# .#
..####?#...#.8©.# #
^......#...#....#
########...##.....


You could see a minotaur.

Vanquished Creatures
  5 two-headed ogres (D:8)
  3 death yaks (D:7)
  An ugly thing (Gauntlet)
  A manticore (D:9)
  2 cane toads (Lair:1)
  An efreet (D:9)
  Prince Ribbit (D:5)
  17 yaks
  2 fire bats (Gauntlet)
  Grum (D:8)
  A steam dragon (D:6)
  A vampire mosquito (D:6)
  A water moccasin (D:9)
  Duvessa (D:5)
  A sky beast (D:6)
  2 ice beasts
  4 orc warriors
  3 hornet zombies
  A necrophage (D:8)
  3 ogres (D:5)
  3 black bears
  10 wolves
  3 centaurs
  4 kobold brigands (D:9)
  5 bullfrogs
  2 gnoll sergeants
  2 water moccasin zombies
  A wyvern zombie (Ossuary)
  Dowan (D:5)
  3 water moccasin skeletons
  3 wights (D:5)
  2 howler monkeys (D:5)
  10 centaur zombies
  5 bullfrog zombies (Ossuary)
  A hound (D:4)
  2 centaur skeletons
  5 orc priests
  3 jellies
  Jessica (D:2)
  2 gnoll shamans
  2 iguanas
  9 orc wizards
  A hound zombie (D:5)
  A hound skeleton (D:5)
  12 mummies (Ossuary)
  2 howler monkey zombies (Ossuary)
  Robin (D:2)
  2 howler monkey skeletons (D:7)
  27 gnolls
  8 adders
  2 shadow imps
  2 ufetubi
  30 orcs
  6 bats
  6 endoplasms
  10 hobgoblins
  A jackal (D:1)
  18 kobolds
  2 quokkas
  4 ball pythons
  4 frilled lizards
  10 goblins
  5 rats
  2 rat zombies (D:4)
287 creatures vanquished.

Vanquished Creatures (collateral kills)
  A yak (D:6)
1 creature vanquished.

Vanquished Creatures (others)
  A howler monkey zombie (D:9)
  2 demonic plants (Gauntlet)
  A fungus (Lair:1)
  17 plants
  8 withered plants (Ossuary)
29 creatures vanquished.

Grand Total: 317 creatures vanquished

Notes
Turn   | Place    | Note
-------+----------+-------------------------------------------
     0 | D:1      | pkoi the Demigod Gladiator began the quest for the Orb.
     0 | D:1      | Reached XP level 1. HP: 17/17 MP: 3/3
   130 | D:1      | Reached skill level 3 in Unarmed Combat
   731 | D:1      | Reached XP level 2. HP: 23/24 MP: 4/4
  1204 | D:2      | Noticed Jessica
  1214 | D:2      | HP: 1/24 [Jessica/nerve-wracking pain (7)]
  1219 | D:2      | Killed Jessica
  1220 | D:2      | Reached skill level 4 in Unarmed Combat
  1220 | D:2      | Reached XP level 3. HP: 2/29 MP: 5/5
  1688 | D:2      | Found Konwyn's Distillery.
  1698 | D:2      | Noticed Robin
  1702 | D:2      | Bought a potion of mutation for 96 gold pieces
  2388 | D:1      | Reached XP level 4. HP: 21/36 MP: 6/6
  2721 | D:2      | Killed Robin
  3533 | D:3      | Reached skill level 1 in Armour
  3533 | D:3      | Reached skill level 1 in Shields
  3807 | D:3      | Reached XP level 5. HP: 32/42 MP: 7/7
  5245 | D:4      | Found a sand-covered staircase.
  5261 | Ossuary  | Entered an ossuary
  5273 | Ossuary  | Reached skill level 5 in Unarmed Combat
  5301 | Ossuary  | Reached XP level 6. HP: 45/50 MP: 8/8
  5374 | Ossuary  | HP: 2/50 [hornet zombie (9)]
  5474 | Ossuary  | Reached XP level 7. HP: 9/57 MP: 9/9
  5481 | Ossuary  | Reached skill level 6 in Unarmed Combat
  7481 | D:4      | Reached skill level 7 in Unarmed Combat
  7481 | D:4      | Reached XP level 8. HP: 63/63 MP: 10/10
  8030 | D:5      | Entered Level 5 of the Dungeon
  8551 | D:5      | Noticed Prince Ribbit
  8557 | D:5      | Killed Prince Ribbit
  8558 | D:5      | Reached skill level 8 in Unarmed Combat
  9197 | D:6      | Reached XP level 9. HP: 40/71 MP: 11/11
  9207 | D:6      | Reached skill level 1 in Evocations
  9399 | D:6      | Noticed Duvessa
  9432 | D:6      | Noticed Dowan
  9486 | D:5      | Reached skill level 5 in Armour
  9486 | D:5      | Reached skill level 5 in Shields
 10169 | D:6      | Reached skill level 9 in Unarmed Combat
 10376 | D:5      | Reached skill level 5 in Fighting
 10686 | D:6      | Learned a level 4 spell: Summon Lightning Spire
 11344 | D:5      | Killed Duvessa
 11352 | D:5      | Killed Dowan
 11678 | D:6      | Found a staircase to the Ecumenical Temple.
 11684 | Temple   | Entered the Ecumenical Temple
 12696 | D:8      | Reached XP level 10. HP: 81/81 MP: 13/13
 12701 | D:8      | Noticed a death yak
 12709 | D:8      | Noticed a death yak
 12804 | D:7      | Killed a death yak
 13117 | D:8      | Noticed Grum
 13156 | D:8      | Killed Grum
 13171 | D:8      | Reached skill level 10 in Unarmed Combat
 13342 | D:8      | Found a staircase to the Lair.
 13565 | D:8      | Noticed a death yak
 13848 | D:7      | Killed a death yak
 14201 | D:7      | Killed a death yak
 14758 | D:7      | Reached skill level 11 in Unarmed Combat
 15149 | D:8      | Reached XP level 11. HP: 84/89 MP: 14/14
 15788 | D:9      | Noticed a two-headed ogre
 15852 | D:8      | Killed a two-headed ogre
 16116 | D:9      | Noticed a two-headed ogre
 16116 | D:9      | Noticed a two-headed ogre
 16116 | D:9      | Noticed a two-headed ogre
 16117 | D:9      | Noticed a two-headed ogre
 16143 | D:8      | Killed a two-headed ogre
 16144 | D:8      | Reached skill level 5 in Evocations
 16297 | D:8      | Killed a two-headed ogre
 16372 | D:8      | Killed a two-headed ogre
 16491 | D:8      | Killed a two-headed ogre
 16865 | D:9      | Noticed Maurice
 16999 | Lair:1   | Entered Level 1 of the Lair of Beasts
 17000 | Lair:1   | Identified a scroll of acquirement
 17381 | Lair:1   | Found a gate leading to a gauntlet.
 17389 | Gauntlet | Entered a Gauntlet
 17389 | Gauntlet | Found a transporter.
 17398 | Gauntlet | Found a transporter.
 17399 | Gauntlet | Noticed a glowing orange brain
 17414 | Gauntlet | Found a transporter.
 17420 | Gauntlet | Noticed a hell hog
 17424 | Gauntlet | Found a transporter.
 17444 | Gauntlet | Found a transporter.
 17448 | Gauntlet | Noticed a minotaur
 17454 | Gauntlet | Noticed a glowing orange brain
 17457 | Gauntlet | Found a transporter.
 17475 | Gauntlet | Found a transporter.
 17479 | Gauntlet | Found a transporter.
 17479 | Gauntlet | Noticed a balrug
 17487 | Gauntlet | Found a transporter.
 17517 | Gauntlet | Noticed a glowing orange brain
 17518 | Gauntlet | Found a transporter.
 17518 | Gauntlet | Found a transporter.
 17545 | Gauntlet | Found a transporter.
 17603 | Gauntlet | Identified the amulet of Lastoxyu {rPois Regen+}
 17734 | Gauntlet | Identified the +1 helmet of Sif Muna {Will+}
 17751 | Gauntlet | Reached skill level 1 in Summonings
 17821 | Gauntlet | Identified the ring of the Final Wonders {rF+ rC++ rN+
                  | Will-}
 17841 | Gauntlet | HP: 2/92 [minotaur/staff of fire (4)]
 17842 | Gauntlet | Headbutted by a minotaur

Illustrated notes

Levels and vault maps discovered:
D:1:      dpeg_arrival_brainrot, layout_loops_ring, minmay_hexomino_u4
D:2:      layout_basic, serial_shops, shop,
          ebering_ecumenical_altar_sacrificial, nrook_campfire,
          chequers_serial_rivers_large_b, amethyst_killhole,
          serial_bayou_lake_a, uniq_robin, uniq_jessica
D:3:      layout_loops_corners
D:4:      layout_loops_ring, enter_ossuary_4, minivault_5
D:5:      layout_basic, mainiacjoe_overflow_alcove_4, kennysheep_path_1,
          serial_park_tiny_pond, uniq_prince_ribbit1
D:6:      kennysheep_big_flooded_room, layout_rooms,
          minmay_temple_entry_enclosed_plants, hangedman_abyss_or_decor_passed,
          uniq_duvessa
D:7:      layout_basic
D:8:      layout_basic, dpeg_lair_monsters, kennysheep_generic_room_4, uniq_grum
D:9:      layout_long_grid, minmay_ruined_shrine, uniq_maurice
Temple:   mainiacjoe_temple_hex_bubbles
Lair:1:   layout_layer_cave, gauntlet_entry_generic, special_room
          [special_room_bee], grunt_forest_small_clearing_treed
Gauntlet: minmay_gauntlet_mixed_oops_all_seconds [minmay_gauntlet_arena_77_mess,
          gammafunk_gauntlet_arena_open,
          minmay_gauntlet_arena_77_radiant_squares,
          gammafunk_gauntlet_arena_mazey, minmay_gauntlet_arena_77_box,
          gammafunk_gauntlet_arena_split_diamond,
          nicolae_gauntlet_exit_dead_adventurers]

Skill      XL: |  1  2  3  4  5  6  7  8  9 10 11 |
---------------+----------------------------------+-----
Unarmed Combat | 3 4 5 7 8 9 11 | 11.9
Fighting       | 2 3 4 5 6 7 |  7.0
Armour         | 1 2 3 4 5 6 7 |  7.0
Shields        | 1 2 3 4 5 6 7 |  7.0
Dodging        | 3 4 |  4.6
Evocations     | 3 4 5 |  5.4
Summonings     | 1 |  1.0
Throwing       | |  1.7
Spellcasting   | |  0.5
Air Magic      | |  0.7

Action                   |  1- 3 |  4- 6 |  7- 9 | 10-12 || total
-------------------------+-------+-------+-------+-------++-------
Melee: Unarmed           |   117 |   271 |   597 |   598 ||  1583
       Punch             |     2 |       |       |       ||     2
       Dagger            |       |       |     8 |       ||     8
       Short sword       |       |       |       |    18 ||    18
Throw: Stone             |    10 |    12 |     1 |     7 ||    30
       Throwing net      |       |     2 |     1 |       ||     3
       Dart              |       |       |    20 |    20 ||    40
Evoke: Wand              |       |       |     4 |     6 ||    10
  Use: Scroll            |     2 |     4 |     7 |     2 ||    15
       Potion            |       |     6 |     2 |     2 ||    10
 Stab: Held in net/web   |       |     2 |       |       ||     2
Armor: Leather armour    |    19 |       |       |       ||    19
       Scale mail        |    28 |     6 |       |       ||    34
       Plate armour      |       |    48 |       |       ||    48
       Ring mail         |       |    95 |   227 |   183 ||   505
Dodge: Dodged            |    82 |   128 |   284 |   409 ||   903
Block: Buckler           |     8 |    34 |   110 |   193 ||   345
